 Dungeon Crawl Stone Soup version 0.21.1-1-g345015f (webtiles) character file.

87 Monsterracer the Chiller (level 4, -1/36 HPs)
             Began as a Naga Ice Elementalist on Feb 13, 2018.
             Slain by a shadow imp (5 damage)
             ... on level 3 of the Dungeon.
             The game lasted 00:03:32 (2144 turns).

Monsterracer the Chiller (Naga Ice Elementalist)    Turns: 2144, Time: 00:03:33

Health: -1/36      AC:  2    Str: 10    XL:     4   Next: 51%
Magic:  1/8        EV: 10    Int: 17    God:
Gold:   77         SH:  0    Dex: 11    Spells: 0/8 levels left

rFire    . . .     SeeInvis +   d - +0 hand axe
rCold    . . .     Gourm    .   (no shield)
rNeg     . . .     Faith    .   a - +0 robe
rPois    +         Spirit   .   (no helmet)
rElec    .         Reflect  .   (no cloak)
rCorr    .         Harm     .   (no gloves)
MR       .....                  (no barding)
Stlth    ++........             (no amulet)
HPRegen  0.12/turn              (no ring)
MPRegen  0.11/turn              (no ring)

@: short of breath, very slow
A: large, see invisible, deformed body, poison resistance, slowness 2, slow
metabolism 1, spit poison 1, AC +1
a: Spit Poison


You were on level 3 of the Dungeon.
You were hungry.

You visited 1 branch of the dungeon, and saw 3 of its levels.

You collected 77 gold pieces.

Inventory:

Hand Weapons
 d - a +0 hand axe (weapon)
Missiles
 s - 2 throwing nets (quivered)
Armour
 a - a +0 robe (worn)
Scrolls
 f - 6 scrolls of identify {unknown}
 g - 3 scrolls of enchant weapon {unknown}
 i - 4 scrolls of remove curse {unknown}
 k - 3 scrolls of enchant armour {unknown}
 o - a scroll of noise {unknown}
 p - a scroll of teleportation {unknown}
Potions
 e - 2 potions of degeneration {unknown}
 h - 3 potions of curing {unknown}
 j - a potion of haste {unknown}
 l - 2 potions of ambrosia {unknown}
 m - 2 potions of heal wounds {unknown}
 n - a potion of cancellation {unknown}
 q - a potion of brilliance {unknown}
 r - a potion of experience {unknown}
Books
 b - a book of Frost

   Spells                             Type                      Level
   a - Freeze                         Ice                          1
   b - Throw Frost                    Conjuration/Ice              2
   c - Ozocubu's Armour               Charms/Ice                   3
   d - Throw Icicle                   Conjuration/Ice              4
   e - Summon Ice Beast               Ice/Summoning                4
Comestibles
 c - 7 rations


   Skills:
 - Level 1.5 Dodging
 - Level 3.0 Stealth
 + Level 2.9 Spellcasting
 + Level 1.1 Conjurations
 * Level 4.5 Ice Magic


You couldn't memorise any spells.
You knew the following spells:

 Your Spells              Type           Power        Failure   Level  Hunger
a - Freeze                Ice            ###.         2%          1    #......
b - Throw Icicle          Conj/Ice       ##......     50%         4    #####..
c - Ozocubu's Armour      Chrm/Ice       ##......     21%         3    ###....


Dungeon Overview and Level Annotations

Branches:
Dungeon (3/15)

Altars:


Innate Abilities, Weirdness & Mutations

You cannot wear boots.
Your serpentine skin is tough. (AC +1)
You have supernaturally acute eyesight. (SInv)
Armour fits poorly on your strangely shaped body.
Your system is resistant to poisons. (rPois)
You cover ground very slowly.
You have a slow metabolism.
You can spit poison.


Message History

c - 7 rations (gained 1)
You see here 7 sling bullets.
A shadow imp comes into view.
A shadow imp is nearby!
A shadow imp is nearby!
Casting: Freeze
Confirm with . or Enter, or press ? or * to list all spells.
Aiming: Freeze
Press: ? - help, Shift-Dir - straight line, f - shadow imp
Aim: a shadow imp (resting)
You freeze the shadow imp.
The shadow imp shouts, "Run away, thou surly fat-kidneyed codpiece!"
The shadow imp completely resists.
The shadow imp sputters.
The shadow imp hits you.
You take 6 damage, and have 30/36 hp.
You now have 7/8 mp.
Casting: Freeze
Confirm with . or Enter, or press ? or * to list all spells.
Aiming: Freeze
Press: ? - help, Shift-Dir - straight line, f/p - shadow imp
Aim: a shadow imp You freeze the shadow imp.
The shadow imp completely resists.
The shadow imp gestures at you.
You struggle to resist.
You now have 6/8 mp.
Casting: Freeze
Confirm with . or Enter, or press ? or * to list all spells.
Aiming: Freeze
Press: ? - help, Shift-Dir - straight line, f/p - shadow imp
Aim: a shadow imp You freeze the shadow imp.
The shadow imp resists.
The shadow imp is lightly wounded.
The shadow imp gestures at you. Pain shoots through your body!
* * * LOW HITPOINT WARNING * * *
You take 13 damage, and have 18/36 hp.
MASSIVE DAMAGE!!
You now have 5/8 mp.
Casting: Freeze
Confirm with . or Enter, or press ? or * to list all spells.
Aiming: Freeze
Press: ? - help, Shift-Dir - straight line, f/p - shadow imp
Aim: a shadow imp (lightly wounded)
You freeze the shadow imp.
The shadow imp resists.
The shadow imp is lightly wounded.
The shadow imp closely misses you.
You now have 4/8 mp.
Casting: Freeze
Confirm with . or Enter, or press ? or * to list all spells.
Aiming: Freeze
Press: ? - help, Shift-Dir - straight line, f/p - shadow imp
Aim: a shadow imp (lightly wounded)
You freeze the shadow imp.
The shadow imp completely resists.
The shadow imp is lightly wounded.
The shadow imp closely misses you.
You now have 3/8 mp.
Unknown command.
Casting: Freeze
Confirm with . or Enter, or press ? or * to list all spells.
Aiming: Freeze
Press: ? - help, Shift-Dir - straight line, f/p - shadow imp
Aim: a shadow imp (lightly wounded)
You freeze the shadow imp.
The shadow imp completely resists.
The shadow imp is lightly wounded.
The shadow imp barely misses you.
You now have 2/8 mp.
Casting: Freeze
Confirm with . or Enter, or press ? or * to list all spells.
Aiming: Freeze
Press: ? - help, Shift-Dir - straight line, f/p - shadow imp
Aim: a shadow imp (lightly wounded)
You freeze the shadow imp.
The shadow imp resists.
The shadow imp is moderately wounded.
The shadow imp gestures at you. Pain shoots through your body!
* * * LOW HITPOINT WARNING * * *
You take 8 damage, and have 10/36 hp.
MASSIVE DAMAGE!!
You now have 1/8 mp.
Casting: Freeze
Confirm with . or Enter, or press ? or * to list all spells.
You don't have enough magic to cast that spell.
Press: ? - help, Shift-Dir - straight line, f/p - shadow imp
Aim: a shadow imp (moderately wounded)
The splash of poison hits the shadow imp.
The shadow imp is poisoned.
The shadow imp is moderately wounded.
You feel slightly more hungry. The shadow imp hits you.
* * * LOW HITPOINT WARNING * * *
You take 6 damage, and have 4/36 hp.
Casting: Freeze
Confirm with . or Enter, or press ? or * to list all spells.
Aiming: Freeze
Press: ? - help, Shift-Dir - straight line, f/p - shadow imp
Aim: a shadow imp (moderately wounded, poisoned)
You freeze the shadow imp.
The shadow imp completely resists.
The shadow imp is moderately wounded.
The shadow imp hits you.
* * * LOW HITPOINT WARNING * * *
You take 1 damage, and have 3/36 hp.
You now have 0/8 mp.
You hit the shadow imp.
The shadow imp is severely wounded.
The shadow imp hits you.
You die...

#########
#........
#.####### #.#
#######.#
#.......#
#####+#.......#
#..5..........#
#...@..######.#
#......# #.#
#......######.#
#...........(.#
#......########
########


You could see a shadow imp.

Vanquished Creatures
  A worker ant (D:2)
  An adder (D:2)
  A gnoll (D:1)
  2 oozes
  A worm (D:2)
  2 leopard geckos (D:2)
  4 bats
  A hobgoblin (D:2)
  5 jackals (D:1)
  A kobold (D:1)
  2 ball pythons
  4 goblins
  5 rats
30 creatures vanquished.

Notes
Turn   | Place    | Note
-------+----------+-------------------------------------------
     0 | D:1      | Monsterracer the Naga Ice Elementalist began the quest for the Orb.
     0 | D:1      | Reached XP level 1. HP: 15/15 MP: 3/3
   286 | D:1      | HP: 7/15 [jackal (1)]
   479 | D:1      | Reached XP level 2. HP: 22/22 MP: 5/5
   948 | D:1      | Reached XP level 3. HP: 16/28 MP: 3/6
   953 | D:1      | Learned a level 3 spell: Ozocubu's Armour
  1289 | D:2      | Reached skill level 4 in Ice Magic
  1326 | D:2      | Reached XP level 4. HP: 28/36 MP: 0/8
  1683 | D:2      | Learned a level 4 spell: Throw Icicle
  2137 | D:3      | HP: 18/36 [shadow imp/nerve-wracking pain (13)]
  2142 | D:3      | HP: 4/36 [shadow imp (6)]
  2144 | D:3      | Slain by a shadow imp

Skill      XL: |  1  2  3 |
---------------+----------+-----
Ice Magic      | 4 |  4.5
Dodging        | |  1.5
Stealth        | |  3.0
Spellcasting   | |  2.9
Conjurations   | |  1.1

Action                   |  1- 3 |  4- 6 || total
-------------------------+-------+-------++-------
Melee: Hand axe          |    13 |     9 ||    22
Throw: Throwing net      |       |     1 ||     1
 Cast: Freeze            |    27 |    21 ||    48
 Abil: Spit Poison       |     8 |     6 ||    14
 Stab: Sleeping          |     1 |     1 ||     2
  Eat: Chunk             |       |     3 ||     3
Armor: Robe              |     6 |     8 ||    14
Dodge: Dodged            |    33 |    11 ||    44

Vault maps used:
D:1:      dpeg_arrival_windows_large_door, minmay_misc_feat_doors
D:3:      chequers_ecumenical_altar_simple, first_ration,
          nemelex_spade_bored_becter
